 Dungeon Crawl Stone Soup version 0.19.3 (webtiles) character file.

3754 dngmouse the Basher (level 9, -1/123 HPs)
             Began as a Minotaur Fighter on Jan 22, 2017.
             Was an Elder of Okawaru.
             Slain by a yak (8 damage)
             ... on level 9 of the Dungeon.
             The game lasted 00:25:30 (6743 turns).

dngmouse the Basher (Minotaur Fighter)              Turns: 6743, Time: 00:25:31

Health: -1/123     AC: 21    Str: 26    XL:     9   Next: 93%
Magic:  11/12      EV:  8    Int:  5    God:    Okawaru [****..]
Gold:   415        SH:  0    Dex: 13    Spells: 0 memorised, 8 levels left

rFire  . . .     SeeInvis .     a - +1 great mace (protect)
rCold  + . .     Gourm    .     y - +1 chain mail {rC+}
rNeg   . . .     Faith    .     (shield currently unavailable)
rPois  .         Spirit   .     (helmet restricted)
rElec  .         Reflect  .     (no cloak)
rCorr  .         Harm     .     z - +0 pair of gloves
MR     .....                    r - +0 pair of boots
Stlth  ..........               (no amulet)
                                (no ring)
                                k - ring of stealth

@: berserking, protection aura, very slightly contaminated, hasted, very quick
A: retaliatory headbutt, horns 2
a: Heroism, Renounce Religion


You were on level 9 of the Dungeon.
You worshipped Okawaru.
Okawaru was greatly pleased with you.
You were hungry.

You visited 1 branch of the dungeon, and saw 9 of its levels.
You also visited: Sewer and Ossuary.

You collected 565 gold pieces.
You spent 150 gold pieces at shops.

Inventory:

Hand Weapons
 a - a +1 great mace of protection (weapon)
 b - a +0 flail of protection
Armour
 c - a +0 shield
 r - a +0 pair of boots (worn)
 y - a +1 chain mail of cold resistance (worn)
 z - a +0 pair of gloves (worn)
 M - a +0 buckler
Jewellery
 k - a ring of stealth (left hand)
 t - an uncursed ring of fire
 O - an uncursed ring of protection from fire {unknown}
Wands
 d - a wand of random effects (47/48)
 I - a wand of flame (25/48)
 J - a wand of teleportation (3/9)
 K - a wand of acid (5/15)
Scrolls
 e - 2 scrolls of fog
 g - a scroll of acquirement
 i - 6 scrolls of teleportation
 l - 4 scrolls of amnesia
 m - 3 scrolls of remove curse
 n - 2 scrolls of recharging
 o - 2 scrolls of blinking
 p - 6 scrolls of identify
 s - 2 scrolls of noise
 x - a scroll of enchant armour
 C - a scroll of random uselessness {unknown}
 E - a scroll of magic mapping {unknown}
 G - a scroll of brand weapon {unknown}
 N - a scroll of summoning {unknown}
 P - a scroll of fear {unknown}
Potions
 q - 3 potions of berserk rage
 v - a potion of mutation {unknown}
 A - 4 potions of curing {unknown}
 B - 3 potions of flight {unknown}
 D - a potion of ambrosia {unknown}
 H - a potion of magic {unknown}
 L - 2 potions of agility
 Q - a potion of might
Comestibles
 f - 7 bread rations
 h - 6 meat rations
 u - 2 fruits
 w - a beef jerky
 F - a royal jelly
 R - 3 chunks of flesh


   Skills:
 * Level 8.5 Fighting
 - Level 12.1 Maces & Flails
 + Level 6.6 Armour
 - Level 3.6 Shields
 * Level 6.0 Invocations


You had 8 spell levels left.
You didn't know any spells.

Dungeon Overview and Level Annotations

Branches:
Dungeon (8/15)             Temple (0/1) D:7
   Lair: D:8-11

Altars:
Dithmenos
Nemelex Xobeh
Okawaru
Qazlal
Uskayaw
Zin

Shops:
D:4 ?


Innate Abilities, Weirdness & Mutations

You reflexively headbutt those who attack you in melee.
You have a pair of horns on your head.


Message History

The yak is almost dead.
The yak gores you!
* * * LOW HITPOINT WARNING * * *
It was a potion of berserk rage.
A red film seems to cover your vision as you go berserk!
You feel yourself moving faster!
You feel mighty! The yak barely misses you.
Unknown command.
You bludgeon the yak!!
You kill the yak!
Okawaru accepts your kill.
Your Invocations skill increases to level 6!
The yak gores you but does no damage.
You are feeling hungry.
You bludgeon the yak!!
The yak is heavily wounded.
You sock the yak!
The yak is almost dead.
You feel like a meek peon again. The yak gores you!
You die...

#+ #.
#.###
#.@†##
###Y.#
##.# ....
.....#
.!....#
Y.......
........##
.........#


You could see a yak.

Vanquished Creatures
  Grinder (D:5)
  A slime creature (D:7)
  A wraith (D:8)
  5 yaks (D:9)
  Eustachio (D:4)
  2 orc warriors (D:6)
  2 phantoms
  3 centaurs
  A crocodile (Sewer)
  5 bullfrogs
  A scorpion (D:6)
  4 howler monkeys
  3 crimson imps
  A quasit (D:7)
  3 centaur zombies
  3 orc priests (D:6)
  5 orc wizards
  A centaur skeleton (D:8)
  6 hounds
  A jelly (D:5)
  A bullfrog skeleton (D:7)
  An iguana (D:7)
  3 worker ants
  A big kobold zombie (Ossuary)
  A hound zombie (D:7)
  2 hound skeletons
  4 mummies (Ossuary)
  A howler monkey skeleton (D:7)
  A gnoll (D:7)
  4 adders
  3 oozes
  2 adder skeletons
  3 worms
  A dart slug (D:4)
  5 leopard geckos
  26 orcs
  4 giant cockroaches
  6 hobgoblins
  13 jackals
  10 kobolds
  4 quokkas
  4 ball pythons
  9 bats
  A frilled lizard (D:2)
  9 goblins
  2 hobgoblin zombies (Ossuary)
  A jackal skeleton (D:4)
  2 quokka skeletons (D:4)
  3 quokka zombies
  8 rats
  A rat zombie (D:5)
186 creatures vanquished.

Notes
Turn   | Place    | Note
-------+----------+-------------------------------------------
     0 | D:1      | dngmouse the Minotaur Fighter began the quest for the Orb.
     0 | D:1      | Reached XP level 1. HP: 19/19 MP: 0/0
    84 | D:1      | Reached skill level 3 in Maces & Flails
   119 | D:1      | Reached XP level 2. HP: 26/27 MP: 1/1
   508 | D:1      | Reached XP level 3. HP: 33/33 MP: 2/2
   631 | D:2      | Reached skill level 4 in Maces & Flails
   739 | D:2      | Found an iron altar of Okawaru.
   745 | D:2      | Became a worshipper of Warmaster Okawaru
  1117 | D:3      | Reached XP level 4. HP: 40/40 MP: 3/3
  1146 | D:3      | Reached skill level 5 in Maces & Flails
  1544 | D:3      | Found a glowing drain.
  1548 | Sewer    | Entered a sewer
  1578 | Sewer    | Noticed a crocodile
  1602 | Sewer    | Killed a crocodile
  1602 | Sewer    | Reached skill level 6 in Maces & Flails
  1602 | Sewer    | Reached XP level 5. HP: 17/46 MP: 4/4
  2497 | D:4      | Found Valyn's Magic Scroll Emporium.
  2505 | D:4      | Bought a scroll of identify for 24 gold pieces
  2505 | D:4      | Bought a scroll of enchant armour for 90 gold pieces
  2505 | D:4      | Bought a scroll of teleportation for 36 gold pieces
  2530 | D:4      | Reached skill level 7 in Maces & Flails
  2589 | D:4      | Reached XP level 6. HP: 35/52 MP: 5/5
  2675 | D:4      | Found a stormy altar of Qazlal.
  2699 | D:4      | Noticed Eustachio
  2730 | D:4      | Killed Eustachio
  2730 | D:4      | Reached skill level 8 in Maces & Flails
  2834 | D:4      | Reached skill level 9 in Maces & Flails
  3160 | D:4      | Reached * piety under Okawaru
  3160 | D:4      | Reached XP level 7. HP: 57/59 MP: 6/6
  3520 | D:4      | Identified 2 scrolls of acquirement
  3541 | D:5      | Entered Level 5 of the Dungeon
  3628 | D:5      | Noticed a hand axe
  3629 | D:5      | Noticed a hand axe
  3631 | D:5      | Found a hide-covered altar of Uskayaw.
  3791 | D:5      | Found a sparkling altar of Nemelex Xobeh.
  3894 | D:5      | Found a sand-covered staircase.
  3905 | Ossuary  | Entered an ossuary
  4090 | Ossuary  | Reached skill level 10 in Maces & Flails
  4288 | D:5      | Noticed Grinder
  4288 | D:5      | Paralysed by Grinder for 7 turns
  4296 | D:5      | Paralysed by Grinder for 6 turns
  4306 | D:5      | Killed Grinder
  4306 | D:5      | Reached skill level 11 in Maces & Flails
  4306 | D:5      | Reached XP level 8. HP: 54/66 MP: 4/7
  4450 | D:5      | Reached ** piety under Okawaru
  4880 | D:6      | Reached skill level 12 in Maces & Flails
  5184 | D:6      | Reached skill level 1 in Invocations
  5254 | D:6      | Reached skill level 5 in Fighting
  5494 | D:7      | Found a staircase to the Ecumenical Temple.
  5696 | D:7      | Found a shadowy altar of Dithmenos.
  5701 | D:7      | Found a glowing silver altar of Zin.
  5774 | D:7      | Noticed a slime creature
  5783 | D:7      | Killed a slime creature
  5783 | D:7      | Reached *** piety under Okawaru
  5783 | D:7      | Reached XP level 9. HP: 63/75 MP: 10/10
  5894 | D:7      | Reached skill level 5 in Armour
  6661 | D:8      | Reached **** piety under Okawaru
  6661 | D:8      | Reached skill level 5 in Invocations
  6707 | D:8      | You fall through a shaft!
  6743 | D:9      | Slain by a yak

Skill      XL: |  1  2  3  4  5  6  7  8  9 |
---------------+----------------------------+-----
Maces & Flails | 3 4 6 7 9 11 12 | 12.1
Fighting       | 4 5 8 |  8.5
Invocations    | 3 6 |  6.0
Armour         | 4 6 |  6.6
Shields        | |  3.6

Action                   |  1- 3 |  4- 6 |  7- 9 || total
-------------------------+-------+-------+-------++-------
Melee: Flail             |   129 |   139 |    23 ||   291
       Headbutt          |    20 |    27 |    40 ||    87
       Great mace        |       |       |   255 ||   255
Invok: Heroism           |       |       |     3 ||     3
  Use: Potion            |       |     4 |     2 ||     6
       Scroll            |       |     1 |     8 ||     9
  Eat: Chunk             |     1 |     6 |    12 ||    19
Armor: Scale mail        |    47 |    39 |       ||    86
       Chain mail        |       |    21 |   173 ||   194
Dodge: Dodged            |    39 |    33 |    93 ||   165
Block: Shield            |    63 |    84 |    11 ||   158
